Map: Romanticide LE

Players

Trap - Winner!

  • Race: Protoss Protoss
  • League: Master

TIME (Oliveira)

  • Race: Terran Terran
  • League: Grandmaster

Event: TSL 7

VOD

Have the link to the VOD?

Description

Time

  • Played on: June 13, 2021, 1:11 p.m.
  • Length: 9:17

All games in this series

Show
View Real Time Build Order
Export as new Build Order

Trap Protoss - Winner!

Build Orders: 1 Gate Expand, Blink Stalkers 

Get SALT Encoding   

  12  0:00  Probe  
  13  0:12  Probe  
  14  0:17  Pylon  
  14  0:24  Probe (Chrono Boost)  
  15  0:36  Probe (Chrono Boost), Gateway  
  16  0:44  Probe (Chrono Boost)  
  16  0:45  Assimilator  
  17  0:50  Probe  
  18  1:03  Probe  
  19  1:15  Probe  
  20  1:22  Cybernetics Core  
  20  1:31  Nexus  
  20  1:38  Pylon  
  20  1:41  Probe  
  21  1:47  Assimilator  
  21  1:53  Probe  
  22  1:56  Adept (Chrono Boost)  
  22  2:00  Warp Gate  
  24  2:05  Probe  
  25  2:17  Probe  
  25  2:21  Twilight Council  
  26  2:29  Stalker  
  29  2:30  Probe  
  30  2:44  Probe (Chrono Boost)  
  30  2:48  Probe (Chrono Boost)  
  31  2:54  Probe (Chrono Boost)  
  31  2:55  Blink (Chrono Boost)  
  31  2:57  Probe (Chrono Boost)  
  33  2:59  Probe (Chrono Boost)  
  34  3:07  Probe  
  34  3:10  Gateway  
  34  3:11  Probe  
  36  3:18  Robotics Facility  
  36  3:19  Probe  
  37  3:23  Probe  
  37  3:26  Gateway  
  38  3:32  Probe  
  39  3:39  Probe  
  40  3:44  Probe, Gateway  
  40  3:48  Stalker  
  43  3:50  Pylon  
  43  3:56  Probe  
  43  4:01  Warp Prism (Chrono Boost)  
  44  4:07  Pylon  
  44  4:09  Stalker  
  48  4:11  Stalker  
  48  4:16  Probe x2  
  52  4:21  Stalker  
  54  4:25  Assimilator  
  54  4:27  Pylon  
  54  4:30  Observer  
  55  4:43  Stalker x3  
  55  4:45  Stalker  
  63  4:50  Pylon  
  63  4:55  Assimilator  
  63  4:56  Probe x2  
  63  5:11  Stalker  
  63  5:12  Stalker x3  
  69  5:15  Probe x2  
  63  5:35  Stalker x4  
  67  5:39  Pylon  
  71  5:48  Nexus  
  71  6:00  Charge (Chrono Boost)  
  71  6:03  Templar Archives  
  71  6:05  Probe x2, Pylon  
  73  6:17  Probe  
  73  6:18  Probe  
  75  6:20  Gateway  
  75  6:22  Gateway  
  75  6:23  Gateway, Shield Battery  
  75  6:24  Psionic Storm  
  75  6:27  Sentry x2  
  75  6:29  Probe  
  80  6:41  Zealot x2  
  80  6:44  Probe x2  
  86  6:48  Shield Battery  
  86  6:56  Probe x2  
  86  6:58  High Templar  
  88  7:02  Zealot  
  88  7:03  Zealot x2  
  90  7:10  Probe x3  
  87  7:22  Probe (Chrono Boost)  
  87  7:24  High Templar x2  
  87  7:26  Probe (Chrono Boost)  
  87  7:27  Probe (Chrono Boost)  
  87  7:28  Forge  
  93  7:30  Pylon  
  93  7:32  Observer  
  93  7:34  Probe (Chrono Boost)  
  97  7:38  Probe x2 (Chrono Boost)  
  97  7:39  Probe (Chrono Boost)  
  97  7:40  Zealot x2  
  102  7:47  Probe x2, Pylon  
  102  7:48  Pylon  
  102  7:49  Zealot  
  102  7:51  Shield Battery  
  106  7:58  Zealot x3  
  106  8:03  High Templar  
  106  8:04  High Templar  
  106  8:05  Zealot  
  118  8:09  Archon  
  103  8:20  Archon  
  103  8:22  Zealot  
  103  8:23  Zealot x3  
  103  8:25  Probe x3  
  103  8:26  Immortal (Chrono Boost)  
  112  8:52  Zealot x7  
Show
View Real Time Build Order
Export as new Build Order

TIME Terran 

Build Orders:  

Get SALT Encoding   

  12  0:00  SCV  
  13  0:13  SCV  
  14  0:17  Supply Depot  
  14  0:25  SCV  
  15  0:39  SCV  
  15  0:40  Barracks  
  16  0:44  Refinery  
  16  0:51  SCV  
  17  1:03  SCV  
  18  1:15  SCV  
  19  1:28  Orbital Command, Marine  
  20  1:45  Command Center  
  20  1:46  Reaper  
  21  1:52  Supply Depot  
  22  1:54  SCV  
  22  2:06  SCV  
  22  2:07  Factory  
  23  2:18  SCV  
  23  2:19  Bunker  
  24  2:24  Barracks Reactor  
  24  2:25  Refinery  
  24  2:30  SCV  
  25  2:44  SCV  
  25  2:51  Hellion  
  25  2:56  Starport, SCV  
  25  2:57  Orbital Command  
  28  3:01  Marine x2  
  30  3:08  SCV  
  31  3:14  Factory Tech Lab  
  31  3:19  Marine x2  
  33  3:21  SCV  
  33  3:24  SCV  
  33  3:25  Supply Depot  
  35  3:35  SCV, Barracks  
  35  3:38  SCV, Factory Tech Lab  
  35  3:40  Marine x2  
  39  3:43  Raven  
  39  3:47  SCV  
  42  3:50  SCV  
  42  3:51  Refinery  
  43  3:59  SCV, Marine x2  
  47  4:02  SCV  
  47  4:03  Supply Depot  
  47  4:08  Siege Tank  
  50  4:11  SCV  
  50  4:15  SCV  
  52  4:19  Marine x2  
  54  4:24  SCV  
  54  4:26  Supply Depot  
  54  4:27  SCV  
  54  4:30  Marine  
  57  4:34  Starport Reactor  
  57  4:35  Stimpack  
  57  4:36  SCV  
  58  4:39  Marine  
  58  4:40  SCV  
  60  4:48  Marine, Siege Tank  
  60  4:49  SCV  
  60  4:50  Marine, Supply Depot  
  66  4:53  SCV  
  66  4:57  Marine  
  66  5:05  Command Center  
  66  5:06  Marine  
  66  5:10  Marine  
  66  5:13  Bunker, Medivac  
  68  5:15  Marine  
  68  5:16  Medivac  
  70  5:23  Siege Tank  
  70  5:25  SCV  
  70  5:26  Marine  
  69  5:30  Marine  
  69  5:32  SCV  
  70  5:37  SCV  
  70  5:38  Marine  
  70  5:40  Refinery, Supply Depot  
  72  5:44  Marine, Medivac  
  73  5:51  Barracks  
  73  5:54  Marine  
  73  5:56  SCV x2  
  70  5:58  Siege Tank  
  70  6:04  Marine  
  73  6:09  Marine  
  74  6:11  Viking  
  74  6:12  SCV  
  74  6:13  SCV  
  74  6:14  Marine  
  79  6:21  Marine, Combat Shield  
  79  6:24  Orbital Command  
  80  6:27  Marine  
  80  6:28  SCV x2  
  83  6:33  Siege Tank  
  83  6:40  SCV, Marine  
  83  6:43  SCV, Barracks Tech Lab  
  83  6:46  Marine  
  86  6:48  Marauder  
  86  6:51  Engineering Bay x2  
  89  6:55  SCV, Orbital Command  
  88  7:02  Marine  
  88  7:03  Marauder  
  86  7:09  Marine x2  
  86  7:11  SCV  
  85  7:17  Siege Tank  
  85  7:18  Medivac x2  
  85  7:20  Marine  
  85  7:22  Terran Infantry Weapons Level 1  
  91  7:23  SCV  
  91  7:24  SCV x2  
  91  7:26  Barracks  
  91  7:28  Barracks  
  91  7:29  Marauder, Marine  
  97  7:35  Concussive Shells  
  97  7:36  SCV x2  
  99  7:37  SCV  
  99  7:42  Supply Depot x2  
  99  7:43  Supply Depot  
  99  7:44  Marine  
  101  8:02  Supply Depot  
  101  8:03  Marine, Supply Depot  
  101  8:04  Refinery, SCV x3, Marauder x2, Siege Tank  
  101  8:05  Refinery  
  111  8:16  SCV  
  97  8:21  Marine x2  
  97  8:24  Barracks Reactor, Barracks Tech Lab  
  97  8:25  Marauder x2  
  97  8:26  SCV x2  
  91  8:28  SCV  
  92  8:37  Siege Tank  
  92  8:38  SCV x2  
  92  8:39  Marine x2  
  99  8:43  SCV  
  99  8:44  Marauder  
  99  8:46  Marine  
  99  8:47  Marauder  
  104  8:50  SCV  
  93  8:57  Marine x2  
Tags
 
Add a new tag
Caveats
  • Supply blocks, unpowered buildings, or Contaminate may cause inaccurate times.
  • Supply counts are checked every 10 seconds.